 Dungeon Crawl Stone Soup version 0.18-b1-14-g029dad2 (webtiles) character file.

230 LORDOFBUTT the Insei (level 5, 0/43 HPs)
             Began as a Demonspawn Monk on Apr 30, 2016.
             Slain by archon2's ghost (2 damage)
             ... on level 4 of the Dungeon.
             The game lasted 00:03:30 (3155 turns).

LORDOFBUTT the Insei (Demonspawn Monk)              Turns: 3155, Time: 00:03:31

Health: 0/43       AC:  7    Str: 12    XL:     5   Next: 72%
Magic:  5/5        EV: 14    Int: 11    God:
Gold:   96         SH:  0    Dex: 16    Spells: 0 memorised, 4 levels left

rFire  + . .     SeeInvis .       - Unarmed
rCold  . . .     Gourm    .     x - +0 robe {rF+}
rNeg   . . .     Faith    .     (no shield)
rPois  .         Spirit   .     (no helmet)
rElec  .         Dismiss  .     m - +0 cloak
rCorr  .         Reflect  .     t - +2 pair of gloves
SustAt .         Harm     .     (no boots)
MR     .....                    (no amulet)
Stlth  ++........               (no ring)
                                z - +3 ring of slaying

@: not resistant to hostile enchantments, unstealthy
A: talons 1, rugged brown scales 1
a: no special abilities


You were on level 4 of the Dungeon.
You were full.

You visited 1 branch of the dungeon, and saw 4 of its levels.

You collected 96 gold pieces.

Inventory:

Armour
 a - a +0 robe
 m - a +0 cloak (worn)
 t - a +2 pair of gloves (worn)
 x - a +0 robe of fire resistance (worn)
Jewellery
 i - an uncursed amulet of regeneration
 v - an uncursed ring of flight
 z - a +3 ring of slaying (left hand)
Wands
 y - a wand of slowing (29/48)
Scrolls
 c - a scroll of random uselessness {unknown}
 g - a scroll of blinking {unknown}
 h - 2 scrolls of teleportation {unknown}
 j - 2 scrolls of remove curse
 l - a scroll of fog {unknown}
 p - a scroll of identify
 q - a scroll of amnesia {unknown}
 u - a scroll of enchant weapon {unknown}
 w - a scroll of recharging {unknown}
Potions
 e - 6 potions of curing
 f - a potion of might {unknown}
 k - a potion of beneficial mutation {unknown}
 n - a potion of agility {unknown}
 o - 2 potions of flight {unknown}
 r - 2 potions of heal wounds {unknown}
 s - a potion of resistance {unknown}
Comestibles
 b - 2 bread rations
 d - a fruit


   Skills:
 * Level 4.0 Fighting
 * Level 4.0 Dodging
 * Level 3.0 Stealth
 * Level 4.4 Unarmed Combat


You had 4 spell levels left.
You didn't know any spells.

Dungeon Overview and Level Annotations

Branches:
Dungeon (4/15)
 Temple: D:4-7

Altars:
Cheibriados
Gozag
Kikubaaqudgha
Yredelemnul

Annotations:
D:4 archon2's ghost, novice DsTm


Innate Abilities, Weirdness & Mutations

You have sharp toenails.
You are partially covered in rugged brown scales (AC +1, +3% HP).


Message History

Archon2's ghost lets out a mournful wail.
Archon2's ghost hits you but does no damage.
You closely miss archon2's ghost. Your kick misses archon2's ghost.
Archon2's ghost is moderately damaged.
Archon2's ghost hits you but does no damage.
You barely miss archon2's ghost.
Archon2's ghost is moderately damaged.
Archon2's ghost hits you.
You barely miss archon2's ghost.
Archon2's ghost is moderately damaged.
Archon2's ghost hits you.
* * * LOW HITPOINT WARNING * * *
x2 You hit archon2's ghost but do no damage.
Archon2's ghost is moderately damaged.
You hit archon2's ghost but do no damage.
You claw archon2's ghost, but do no damage.
Archon2's ghost is moderately damaged.
Archon2's ghost hits you!
* * * LOW HITPOINT WARNING * * *
You die...

#........#
####.........
#........#
##.##.........
##.......#
#.....###.###.
##...##)####.#..#.# #
######.........#.#.###
########.........
#......... #..#.#.###
#.@#.# .. #.W### #
#... #.... ######


You could see archon2's ghost.

Vanquished Creatures
  A hound (D:3)
  An orc wizard (D:3)
  2 iguanas
  5 adders
  A worm (D:2)
  A dart slug (D:2)
  3 giant geckos
  4 orcs (D:3)
  11 goblins
  4 hobgoblins
  7 jackals (D:3)
  11 kobolds
  5 bats
  4 giant newts
  10 rats
  A spectral orc (D:2)
71 creatures vanquished.

Notes
Turn   | Place    | Note
--------------------------------------------------------------
     0 | D:1      | LORDOFBUTT the Demonspawn Monk began the quest for the Orb.
     0 | D:1      | Reached XP level 1. HP: 18/18 MP: 1/1
   442 | D:1      | Gained mutation: You are partially covered in rugged brown scales (AC +1, +3% HP). [demonic ancestry]
   442 | D:1      | Reached XP level 2. HP: 18/24 MP: 2/2
  1031 | D:2      | Gained mutation: You have sharp toenails. [demonic ancestry]
  1031 | D:2      | Reached XP level 3. HP: 16/29 MP: 3/3
  1398 | D:2      | Found an ancient bone altar of Kikubaaqudgha.
  1398 | D:2      | Found a snail-covered altar of Cheibriados.
  1759 | D:2      | Found a basalt altar of Yredelemnul.
  2129 | D:3      | Reached XP level 4. HP: 28/37 MP: 4/4
  2431 | D:3      | Reached XP level 5. HP: 19/43 MP: 5/5
  3084 | D:4      | Found an opulent altar of Gozag.
  3129 | D:4      | Noticed archon2's ghost (novice DsTm)
  3155 | D:4      | HP: 2/43 [archon2's ghost (8)]
  3155 | D:4      | Slain by archon2's ghost

Skill      XL: |  1  2  3  4  5 |
---------------+----------------+-----
Dodging        | 3 4 |  4.0
Stealth        | 2 3 |  3.0
Unarmed Combat | 4 |  4.4
Fighting       | 4 |  4.0

Action                   |  1- 3 |  4- 6 || total
-------------------------+-------+-------++-------
Melee: Unarmed           |   150 |   145 ||   295
       Kick              |    14 |    33 ||    47
       Punch             |       |     6 ||     6
  Use: Scroll            |     1 |     1 ||     2
 Stab: Sleeping          |     9 |     4 ||    13
       Distracted        |     1 |     1 ||     2
  Eat: Meat ration       |     1 |     1 ||     2
       Beef jerky        |       |     1 ||     1
Armor: Robe              |    32 |    45 ||    77
Dodge: Dodged            |    84 |    95 ||   179
